 Dungeon Crawl Stone Soup version 0.21.0-3-g78d12a8 (webtiles) character file.

3241 loralnil the Thaumaturge (level 9, -4/52 HPs)
             Began as a Deep Elf Fire Elementalist on Jan 15, 2018.
             Was a Follower of Yredelemnul.
             Slain by Akransas's ghost (16 damage)
             ... on level 8 of the Dungeon.
             The game lasted 00:25:20 (6843 turns).

loralnil the Thaumaturge (DEFE)                     Turns: 6843, Time: 00:25:21

Health: -4/52      AC:  5    Str:  5    XL:     9   Next: 67%
Magic:  13/23      EV: 17    Int: 24    God:    Yredelemnul [*.....]
Gold:   364        SH:  0    Dex: 15    Spells: 9/24 levels left

rFire    + . .     SeeInvis .   d - +4 scimitar (curse)
rCold    x . .     Gourm    .   (no shield)
rNeg     . . .     Faith    .   a - +1 robe
rPois    .         Spirit   .   (no helmet)
rElec    .         Reflect  .   i - +0 cloak
rCorr    .         Harm     .   (no gloves)
MR       .....                  C - +0 pair of boots (curse)
Stlth    +++.......             k - amulet of magic regeneration
HPRegen  0.17/turn              o - ring of fire
MPRegen  0.43/turn              (no ring)

@: no status effects
A: no striking features
a: Animate Remains, Renounce Religion


You were on level 8 of the Dungeon.
You worshipped Yredelemnul.
Yredelemnul was aware of your devotion.
You were not hungry.

You visited 2 branches of the dungeon, and saw 9 of its levels.
You also visited: Ossuary.

You collected 364 gold pieces.

Inventory:

Hand Weapons
 d - a cursed +4 scimitar (weapon)
Armour
 a - a +1 robe (worn)
 i - a +0 cloak (worn)
 C - a cursed +0 pair of boots (worn)
Jewellery
 k - an amulet of magic regeneration (around neck)
 o - a ring of fire (left hand)
 w - an uncursed amulet of faith
 G - a +2 amulet of reflection {unknown}
Wands
 s - a wand of digging (11)
Scrolls
 g - 5 scrolls of remove curse
 h - 3 scrolls of enchant armour
 j - a scroll of fear
 m - 2 scrolls of teleportation
 q - 3 scrolls of immolation {unknown}
 t - a scroll of vulnerability {unknown}
 x - 2 scrolls of random uselessness {unknown}
 y - 4 scrolls of identify
Potions
 e - 3 potions of resistance
 f - 3 potions of curing
 l - a potion of brilliance
 n - 2 potions of berserk rage {unknown}
 p - 3 potions of heal wounds {unknown}
 r - a potion of cancellation {unknown}
 u - a potion of lignification {unknown}
 v - a potion of agility {unknown}
 A - 2 potions of magic {unknown}
 D - 2 potions of flight {unknown}
 E - a potion of invisibility {unknown}
 F - a potion of might {unknown}
Books
 b - a book of Flames

   Spells                             Type                      Level
   a - Flame Tongue                   Conjuration/Fire             1
   b - Throw Flame                    Conjuration/Fire             2
   c - Conjure Flame                  Conjuration/Fire             3
   d - Inner Flame                    Hexes/Fire                   3
   e - Sticky Flame                   Conjuration/Fire             4
   f - Fireball                       Conjuration/Fire             5
Comestibles
 c - 12 rations
 B - 2 chunks of flesh


   Skills:
 + Level 4.6 Fighting
 + Level 7.3 Dodging
 - Level 6.0 Stealth
 + Level 8.1 Spellcasting
 + Level 6.4 Conjurations
 + Level 7.2 Fire Magic


You had 9 spell levels left.
You knew the following spells:

 Your Spells              Type           Power        Failure   Level  Hunger
a - Flame Tongue          Conj/Fire      #####        1%          1    None
b - Throw Flame           Conj/Fire      ######       1%          2    None
c - Conjure Flame         Conj/Fire      ######..     1%          3    None
d - Sticky Flame          Conj/Fire      ######..     3%          4    ##.....
e - Fireball              Conj/Fire      ######....   11%         5    #####..


Dungeon Overview and Level Annotations

Branches:
Dungeon (8/15)             Temple (1/1) D:6
   Lair: D:8-11

Altars:
Cheibriados
Dithmenos
Fedhas
Gozag
Kikubaaqudgha
Ru
Sif Muna
Trog
Uskayaw
Wu Jian
Xom
Yredelemnul
Zin
The Shining One

Annotations:
D:8 Akransas's ghost, novice NaBe


Message History

Drop what? 33/52 slots (_ for help) (? for menu, Esc to quit)
You drop 3 dark potions.
Akransas's ghost is engulfed in blazing flames.
Akransas's ghost misses you.
Casting: Sticky Flame
Confirm with . or Enter, or press ? or * to list all spells.
Aiming: Sticky Flame
Press: ? - help, Shift-Dir - straight line, f/p - Akransas's ghost
Aim: Akransas's ghost (flame, moderately damaged)
You feel a surge of power!
The sticky flame hits Akransas's ghost.
Akransas's ghost completely resists.
Akransas's ghost is moderately damaged.
Akransas's ghost is engulfed in blazing flames.
Akransas's ghost hits you!
* * * LOW HITPOINT WARNING * * *
Akransas's ghost is engulfed in blazing flames.
Akransas's ghost whispers, "The ORB doesn't exist."
Akransas's ghost hits you!
You die...
Your body rises from the dead as a mindless zombie.

#. #.#.......# #.
####.#..####.###
#.##...............
#....##.#..####.###
#..####.#.......# #
#.......#..>....# #
##.################
#.# #.... ##@#
#.### #.W# #######
#.## #.....#
####.### #..>..#
#......# #.....## #
#.##!#)###.(...#..
#.
#.##ยง#.........#.#
#..
#.#.......######.#
... #.#.......# #.#
...


You could see Akransas's ghost.

Vanquished Creatures
  Grinder (D:3)
  The ghost of MTVSty1e the Cudgeler, an amateur GrGl (D:3)
  Duvessa (D:4)
  An ice beast (D:4)
  A centaur (D:6)
  2 ogres
  A phantom (D:7)
  A big kobold (D:7)
  4 bullfrogs
  Dowan (D:4)
  5 scorpions
  5 wights (D:7)
  2 crimson imps (D:7)
  4 bullfrog zombies
  2 centaur zombies
  A quasit (D:6)
  A hound (D:6)
  3 bullfrog skeletons
  A centaur skeleton (D:4)
  Ijyb (D:5)
  Terence (D:2)
  2 iguanas
  5 orc wizards
  Natasha (thrice) (D:2 D:3)
  5 worker ants
  A killer bee zombie (D:6)
  3 hound zombies (Ossuary)
  2 hound skeletons
  9 mummies (Ossuary)
  6 worker ant zombies (Ossuary)
  8 gnolls
  14 adders
  A howler monkey skeleton (D:6)
  A shadow imp (D:7)
  An ooze (D:4)
  3 adder zombies (Ossuary)
  2 worms
  A dart slug (D:4)
  6 leopard geckos
  9 orcs
  14 bats
  8 giant cockroaches
  9 hobgoblins
  3 jackals (D:4)
  2 quokkas
  6 frilled lizards
  A giant cockroach zombie (D:5)
  11 goblins
  12 kobolds
  3 leopard gecko zombies
  A quokka zombie (D:6)
  11 rats
203 creatures vanquished.

Vanquished Creatures (others)
  A withered plant (Ossuary)
1 creature vanquished.

Grand Total: 204 creatures vanquished

Notes
Turn   | Place    | Note
-------+----------+-------------------------------------------
     0 | D:1      | loralnil the Deep Elf Fire Elementalist began the quest for the Orb.
     0 | D:1      | Reached XP level 1. HP: 10/10 MP: 6/6
   265 | D:1      | Reached XP level 2. HP: 15/15 MP: 6/8
   285 | D:1      | Learned a level 2 spell: Throw Flame
   960 | D:2      | Noticed Natasha
   966 | D:2      | Killed Natasha
   966 | D:2      | Reached XP level 3. HP: 8/20 MP: 5/9
  1162 | D:2      | Learned a level 3 spell: Conjure Flame
  1280 | D:2      | Noticed Natasha
  1280 | D:2      | Noticed an ogre
  1286 | D:2      | Killed Natasha
  1286 | D:2      | Reached XP level 4. HP: 24/24 MP: 4/11
  1347 | D:2      | Learned a level 4 spell: Sticky Flame
  1363 | D:2      | Killed an ogre
  1363 | D:2      | Reached skill level 1 in Fighting
  1363 | D:2      | Reached XP level 5. HP: 29/29 MP: 1/12
  1447 | D:2      | Reached skill level 4 in Spellcasting
  1454 | D:2      | Noticed Terence
  1497 | D:2      | Killed Terence
  2024 | D:3      | Reached XP level 6. HP: 23/34 MP: 4/14
  2150 | D:3      | Noticed Natasha
  2153 | D:3      | Killed Natasha
  2188 | D:3      | Noticed MTVSty1e's ghost (amateur GrGl)
  2571 | D:3      | Noticed Grinder
  2633 | D:3      | Killed Grinder
  2633 | D:3      | Reached XP level 7. HP: 40/40 MP: 6/16
  3403 | D:3      | Killed MTVSty1e's ghost
  3403 | D:3      | Reached skill level 5 in Stealth
  3403 | D:3      | Reached skill level 5 in Spellcasting
  3807 | D:4      | Reached skill level 5 in Fire Magic
  3944 | D:4      | Noticed Dowan
  3948 | D:4      | Noticed Duvessa
  3972 | D:4      | Killed Duvessa
  3972 | D:4      | Reached skill level 5 in Dodging
  3974 | D:4      | Killed Dowan
  3974 | D:4      | Reached XP level 8. HP: 45/45 MP: 3/18
  4313 | D:4      | Reached skill level 6 in Spellcasting
  4503 | D:5      | Entered Level 5 of the Dungeon
  4566 | D:5      | Noticed Ijyb
  4576 | D:5      | Killed Ijyb
  4869 | D:6      | Reached skill level 5 in Conjurations
  4921 | D:6      | Found a sacrificial altar of Ru.
  5015 | D:6      | Found a bloodstained altar of Trog.
  5125 | D:6      | Found a staircase to the Ecumenical Temple.
  5134 | Temple   | Entered the Ecumenical Temple
  5153 | Temple   | Became a worshipper of Yredelemnul the Dark
  5245 | D:6      | Reached XP level 9. HP: 50/52 MP: 15/21
  5250 | D:6      | Reached skill level 7 in Spellcasting
  5272 | D:6      | Found a shimmering altar of Xom.
  5286 | D:6      | Found a shadowy altar of Dithmenos.
  5287 | D:6      | Found a blossoming altar of Fedhas.
  5287 | D:6      | Found a glowing silver altar of Zin.
  5290 | D:6      | Found a bloodstained altar of Trog.
  5512 | D:7      | Learned a level 5 spell: Fireball
  6023 | D:7      | Reached * piety under Yredelemnul
  6425 | D:8      | Found a sand-covered staircase.
  6440 | Ossuary  | Entered an ossuary
  6672 | Ossuary  | Reached skill level 8 in Spellcasting
  6809 | D:8      | Noticed Akransas's ghost (novice NaBe)
  6843 | D:8      | Slain by Akransas's ghost

Skill      XL: |  1  2  3  4  5  6  7  8  9 |
---------------+----------------------------+-----
Stealth        | 3 4 5 6 |  6.0
Dodging        | 3 4 5 6 7 |  7.3
Conjurations   | 2 3 4 5 6 |  6.4
Fighting       | 1 2 3 4 |  4.6
Fire Magic     | 4 5 6 7 |  7.2
Spellcasting   | 4 5 6 8 |  8.1

Action                   |  1- 3 |  4- 6 |  7- 9 || total
-------------------------+-------+-------+-------++-------
Melee: Short sword       |       |       |   110 ||   110
       Scimitar          |       |       |    66 ||    66
 Cast: Flame Tongue      |    42 |    62 |   300 ||   404
       Throw Flame       |     2 |     6 |    13 ||    21
       Conjure Flame     |       |     2 |     3 ||     5
       Sticky Flame      |       |     7 |    30 ||    37
  Use: Scroll            |     6 |     2 |       ||     8
 Stab: Sleeping          |       |       |     4 ||     4
       Distracted        |       |       |     2 ||     2
  Eat: Chunk             |     1 |     5 |    10 ||    16
       Ration            |       |     1 |     1 ||     2
Armor: Robe              |     4 |     5 |    49 ||    58
Dodge: Dodged            |     9 |    11 |   220 ||   240
       Rpst.: Scimitar   |       |       |    27 ||    27
